 Dungeon Crawl Stone Soup version 0.29.0-11-gd7f09526c8 (webtiles) character file.

Game seed: 10285554641079747862

49637 concernfroge the Fencer (level 14, -80/110 HPs)
             Began as a Mummy Monk on Sept 4, 2022.
             Was an Initiate of Gozag.
             Annihilated by a titanic slime creature (86 damage)
             ... on level 12 of the Dungeon.
             The game lasted 01:18:28 (24562 turns).

concernfroge the Fencer (Mummy Monk)               Turns: 24562, Time: 01:18:29

Health: -80/110    AC: 13    Str: 22    XL:     14   Next: 16%
Magic:  14/14      EV: 12    Int: 16    God:    Gozag
Gold:   4032       SH:  5    Dex: 21    Spells: 13/13 levels left

rFire   . . .      SeeInvis .   t - +6 great sword (vorpal)
rCold   + . .      Faith    .   (shield currently unavailable)
rNeg    + + +      Spirit   .   x - +0 ring mail of Sif Muna, Forging {rElec rC+ Str+6 Dex+4}
rPois   ∞          Reflect  +   (no helmet)
rElec   +          Harm     .   q - +2 cloak
rCorr   .          Rampage  .   z - +1 pair of gloves
Will    +....                   i - +2 pair of boots
Stlth   ++........              f - amulet of reflection
HPRegen 0.28/turn               s - +6 ring of intelligence
MPRegen 0.14/turn               n - ring of fire

@: studying Shields
A: cold resistance 1, negative energy resistance 3, torment resistance 2, heat
vulnerability 1, in touch with death 2, no potions
a: Renounce Religion, Potion Petition, Call Merchant, Bribe Branch


You were on level 12 of the Dungeon.
You worshipped Gozag.
Gozag was most pleased with you.
You visited 3 branches of the dungeon, and saw 19 of its levels.
You also visited: Sewer and Bailey.

You collected 4920 gold pieces.
You spent 228 gold pieces at shops.
You paid 660 gold pieces to Gozag.

Inventory:

Hand Weapons
 t - a +6 vorpal great sword (weapon)
Missiles
 j - a throwing net
 k - 9 poisoned darts
 p - 3 boomerangs (quivered)
Armour
 i - a +2 pair of boots (worn)
 l - a +2 ring mail of fire resistance
 q - a +2 cloak (worn)
 x - the +0 ring mail of Sif Muna, Forging (worn) {rElec rC+ Str+6 Dex+4}
   (You found it on level 1 of the Lair of Beasts)

   Str:       It affects your strength (+6).
   Dex:       It affects your dexterity (+4).
   rC:        It protects you from cold.
   rElec:     It insulates you from electricity.
 z - a +1 pair of gloves (worn)
Jewellery
 f - an amulet of reflection (around neck)
 h - a +6 ring of dexterity
 n - a ring of fire (right hand)
 s - a +6 ring of intelligence (left hand)
Wands
 y - a wand of quicksilver (3)
 A - a wand of iceblast (5)
Scrolls
 a - 5 scrolls of identify
 b - 2 scrolls of teleportation
 c - 4 scrolls of magic mapping
 d - 2 scrolls of immolation
 e - 2 scrolls of vulnerability
 g - 3 scrolls of noise
 m - a scroll of amnesia
 r - a scroll of fog
 u - 2 scrolls of silence
Miscellaneous
 w - a box of beasts (inert)
 B - a tin of tremorstones (inert)


   Skills:
 - Level 10.0 Fighting
 + Level 19.0 Long Blades
 - Level 2.4 Polearms
 - Level 2.0 Throwing
 - Level 2.4 Dodging
 - Level 1.5 Stealth


You had 13 spell levels left.
You didn't know any spells.
Your spell library contained the following spells:

 Spells                   Type           Power      Damage    Failure   Level
 Ensorcelled Hibernation  Hex/Ice        0%         N/A       52%         2
 Passwall                 Tmut/Erth      0%         N/A       52%         2
 Dazzling Flash           Conj/Hex       0%         N/A       77%         3
 Gell's Gravitas          Tloc           0%         N/A       77%         3
 Lesser Beckoning         Tloc           0%         N/A       77%         3
 Portal Projectile        Hex/Tloc       0%         N/A       77%         3
 Swiftness                Air            0%         N/A       77%         3
 Teleport Other           Tloc           0%         N/A       77%         3
 Tukima's Dance           Hex            0%         N/A       77%         3
 Airstrike                Air            0%         2d(0-16)  99%         4
 Iskenderun's Mystic Bla  Conj/Tloc      0%         2d3       99%         4
 Summon Lightning Spire   Summ/Air       0%         N/A       99%         4
 Fireball                 Conj/Fire      0%         3d3       100%        5
 Lightning Bolt           Conj/Air       0%         1d11      100%        5
 Starburst                Conj/Fire      0%         6d3       100%        6
 Summon Hydra             Summ           0%         N/A       100%        7
 Ignition                 Fire           0%         3d3       100%        8
 Sublimation of Blood     Necr           Unusable   N/A       N/A         2
 Wereblood                Tmut           Unusable   N/A       N/A         2
 Blade Hands              Tmut           Unusable   N/A       N/A         5

Dungeon Overview and Level Annotations

Branches:
Dungeon (13/15)            Temple (1/1) D:4            Lair (5/5) D:10
  Swamp (0/4) Lair:2        Snake (0/4) Lair:2        Slime (0/5) Lair:5
    Orc (0/2) D:11          Sewer (visited)          Bailey (visited)
 Vaults: D:13-14

Altars:
Ashenzari
Cheibriados
Dithmenos
Fedhas
Gozag
Hepliaklqana
Kikubaaqudgha
Nemelex Xobeh
Okawaru
Qazlal
Ru
Sif Muna
Trog
Uskayaw
Vehumet
Xom
Yredelemnul
Lugonu

Shops:
D:5 (   D:9 !   D:11 (

Portals:
Abyss: D:8 Lair:5

Annotations:
D:2 Terence
D:4 exclusion: upstairs
D:8 2 transporters, pigah's ghost, novice OpAE
D:11 2 transporters, airbud's ghost, journeyman MiBe
Lair:2 exclusion: downstairs
Lair:3 2 transporters, exclusion: hydra, Neyc's ghost, journeyman OpFi


Innate Abilities, Weirdness & Mutations

You are immune to poison.
Your flesh is cold resistant. (rC+)
You are immune to negative energy. (rN+++)
You are immune to unholy pain and torment.
You are vulnerable to heat. (rF-)
You are strongly in touch with the powers of death.
You do not drink.


Message History

You block the slime creature's attack.
Okay, then.
Okay, then.
The large slime creature is no longer distracted by gold.
Two slime creatures merge to form an enormous slime creature.
The slime creature hits you.
* * * LOW HITPOINT WARNING * * *
Aiming: Quicksilver Bolt
Press: ? - help, Shift-Dir - straight line, f - enormous slime creature
Aim: an enormous slime creature (severely wounded, 94% to hit)
The bolt of dispelling energy hits the slime creature!
The slime creature is moderately wounded.
The bolt of dispelling energy hits the orc warrior!
The orc warrior is almost dead.
The bolt of dispelling energy hits the enormous slime creature!
The enormous slime creature is almost dead.
The slime creature hits you!
* * * LOW HITPOINT WARNING * * *
Okay, then.
Aiming: Quicksilver Bolt
Press: ? - help, Shift-Dir - straight line, f/p - enormous slime creature
Aim: an enormous slime creature (almost dead, 94% to hit)
The bolt of dispelling energy hits the slime creature!
The slime creature is heavily wounded.
The bolt of dispelling energy hits the enormous slime creature!
The enormous slime creature is almost dead.
Two slime creatures merge to form a titanic slime creature.
Aiming: Iceblast
Press: ? - help, Shift-Dir - straight line, f - orc warrior
Aim: an orc warrior, wielding a +0 scimitar and wearing a +0 plate armour (almost dead)
Okay, then.
Okay, then.
You slice the titanic slime creature!!
The titanic slime creature is almost dead.
You slash the titanic slime creature!
The titanic slime creature is almost dead.
The titanic slime creature hits you!!!!
Ouch! That really hurt!
You die...
Your body crumbles into a pile of gold.

,,,,,,*,........#*,* *,,,* *,*
,,,,,,+,).......#*,* *,,,* *,*
,,,,,,*,........#*,##*,,,* *$*
,,,,,,+,........+,,.,+,,,* *,*
,,,****,........##.#**,,,* *,*
,,,* *,...$..$.##.###..,* *,*
,,,* *,.$......o.......,* *,*
,,,* **########J#.#####**** *,*
######## #@#...,#,,,,* *,*
.......# #.#.##.#,**,****,,
.......# #.#....#,**,*,,,,,
.......# #.#.####.#*,+,,,,,
.(.....# #####'#..>...#***,,,,,
.......#####..........###***,,,,,
~~#........#..........+,,,,+,,,,,
~~~......>.#..........#*****,,,,,
~~~........#..........# *,,,,,


You could see a titanic slime creature and an orc warrior.

Vanquished Creatures
  Kirke (Lair:4)
  5 hydras
  An ice dragon (Lair:5)
  A boulder beetle (D:11)
  A two-headed ogre (D:11)
  A catoblepas (Lair:2)
  7 death yaks
  2 thrashing horrors (Lair:5)
  2 large abominations (Lair:5)
  Pikel (D:6)
  2 bog bodies (Lair:2)
  2 ugly things (Lair:5)
  A cyclops (D:12)
  A harpy (shapeshifter) (Lair:5)
  11 elephants
  3 black mambas
  Joseph (D:10)
  6 cane toads
  Maggie (D:8)
  2 smoke demons (Lair:5)
  9 komodo dragons
  2 kobold demonologists (D:13)
  2 ancient zymes (Lair:5)
  2 polar bears
  A wind drake (shapeshifter) (Lair:5)
  3 trolls
  2 hornets
  A hornet (shapeshifter) (Lair:5)
  2 slime creatures
  6 dream sheep (Lair:3)
  21 blink frogs
  A water elemental (D:12)
  A spriggan (shapeshifter) (Lair:5)
  3 shadows
  2 spriggans (Lair:5)
  A ynoxinul (Lair:5)
  2 vampires
  4 wraiths
  16 yaks
  2 humans (D:11)
  4 basilisks
  3 hogs (Lair:4)
  4 wyverns
  A chaos spawn (Lair:5)
  2 steam dragons
  3 vampire mosquitoes
  An acid dragon (shapeshifter) (D:10)
  4 nagas (Lair:2)
  An acid dragon (D:11)
  11 water moccasins
  An ice beast (D:7)
  3 orc warriors
  A sky beast (D:8)
  3 centaurs
  An ogre (D:6)
  16 wolves
  A lemure (D:6)
  7 kobold brigands
  7 bullfrogs
  5 gnoll sergeants
  A scorpion (D:6)
  7 necrophages (Lair:3)
  7 wights
  9 small abominations
  6 killer bees (D:10)
  6 howler monkeys
  5 electric eels
  4 jellies
  6 hounds
  3 orc priests
  2 iguanas
  3 orc wizards
  A hell rat (D:10)
  18 gnolls
  7 adders
  10 river rats
  4 white imps
  An ufetubus (D:5)
  2 worms
  3 dart slugs
  31 orcs
  14 ball pythons
  9 endoplasms
  5 giant cockroaches
  4 goblins
  5 hobgoblins
  3 jackals (D:4)
  9 quokkas
  2 bats (D:1)
  6 frilled lizards
  37 kobolds
  23 rats
467 creatures vanquished.

Vanquished Creatures (collateral kills)
  Harold (Lair:2)
  2 yaks (Lair:2)
  An ogre (D:5)
  An iguana (D:5)
  2 white imps (D:5)
7 creatures vanquished.

Vanquished Creatures (others)
  46 fungi
  57 plants
  A withered plant (D:2)
104 creatures vanquished.

Grand Total: 578 creatures vanquished

Notes
Turn   | Place    | Note
-------+----------+-------------------------------------------
     0 | D:1      | concernfroge the Mummy Monk began the quest for the Orb.
     0 | D:1      | Reached XP level 1. HP: 18/18 MP: 1/1
   147 | D:1      | You fall into a shaft and drop 1 floor!
   211 | D:2      | Noticed Terence
   332 | D:2      | Found a faded altar of an unknown god.
   542 | D:1      | Reached XP level 2. HP: 20/24 MP: 2/2
  1228 | D:2      | Gained mutation: You are in touch with the powers of death.
                  | [Mummy growth]
  1228 | D:2      | Reached XP level 3. HP: 24/30 MP: 3/3
  1417 | D:2      | Reached skill level 1 in Throwing
  1794 | D:3      | Reached XP level 4. HP: 38/38 MP: 4/4
  1948 | D:3      | Found an opulent altar of Gozag.
  1977 | D:3      | Became a worshipper of Gozag Ym Sagoz the Greedy
  2529 | D:4      | Noticed a kobold brigand
  2539 | D:4      | Killed a kobold brigand
  2540 | D:4      | Reached skill level 5 in Fighting
  2540 | D:4      | Reached XP level 5. HP: 44/44 MP: 5/5
  2576 | D:4      | Found a staircase to the Ecumenical Temple.
  2591 | Temple   | Entered the Ecumenical Temple
  2801 | D:4      | Noticed an ogre
  2802 | D:4      | Noticed an ogre
  2803 | D:4      | Noticed a water moccasin
  3174 | D:3      | Reached XP level 6. HP: 52/52 MP: 6/6
  3280 | D:5      | Entered Level 5 of the Dungeon
  3496 | D:5      | Found Naasus's Antique Weapon Shoppe.
  4082 | D:5      | Reached XP level 7. HP: 48/60 MP: 7/7
  4149 | D:5      | Bought a glowing great sword for 228 gold pieces
  4240 | D:6      | Found a glowing drain.
  4273 | Sewer    | Entered a sewer
  4358 | Sewer    | Reached skill level 1 in Long Blades
  5120 | D:6      | Reached skill level 2 in Long Blades
  5270 | D:6      | Reached XP level 8. HP: 70/70 MP: 8/8
  5600 | D:6      | Noticed Pikel
  5612 | D:6      | Killed Pikel
  5613 | D:6      | Reached skill level 10 in Fighting
  5613 | D:6      | Reached skill level 3 in Long Blades
  5893 | D:7      | Reached skill level 4 in Long Blades
  6617 | D:8      | Reached skill level 5 in Long Blades
  6617 | D:8      | Reached XP level 9. HP: 78/78 MP: 9/9
  6798 | D:9      | Reached skill level 6 in Long Blades
  6973 | D:8      | Found a one-way gate to the infinite horrors of the Abyss.
  6973 | D:8      | Found a transporter.
  6973 | D:8      | Noticed pigah's ghost (novice OpAE)
  6975 | D:8      | Noticed a white ugly thing
  7036 | D:8      | Found a flagged portal.
  7042 | D:8      | Identified the +8 halberd of Havoc {holy, Dex+4 SInv}
  7048 | Bailey   | Entered a bailey
  7179 | Bailey   | Reached skill level 7 in Long Blades
  7752 | D:8      | Found a transporter.
  7809 | D:8      | Reached skill level 8 in Long Blades
  8014 | D:8      | Noticed Maggie
  8022 | D:8      | Killed Maggie
  8106 | D:8      | Reached XP level 10. HP: 85/85 MP: 10/10
  8143 | D:8      | Reached skill level 9 in Long Blades
  9409 | D:9      | Found Sologorph's Distillery.
  9419 | D:9      | Reached skill level 10 in Long Blades
  9824 | D:10     | Entered Level 10 of the Dungeon
  9864 | D:10     | Noticed Joseph
  9876 | D:10     | Killed Joseph
 10375 | D:10     | Reached skill level 11 in Long Blades
 10588 | D:10     | Found a stormy altar of Qazlal.
 10847 | D:10     | Found a staircase to the Lair.
 10847 | D:10     | Noticed a death yak
 10848 | D:10     | Noticed a death yak
 10850 | D:10     | Noticed a death yak
 11172 | D:11     | Found a transporter.
 11172 | D:11     | Noticed airbud's ghost (journeyman MiBe)
 11175 | D:11     | Found a transporter.
 11175 | D:11     | Noticed a stone giant
 11243 | D:11     | Reached XP level 11. HP: 16/90 MP: 11/11
 11245 | D:11     | Found a staircase to the Orcish Mines.
 11676 | D:11     | Found Joyxuv's Weapon Shoppe.
 11836 | D:11     | Found an iron altar of Okawaru.
 11911 | D:11     | Noticed a five-headed hydra
 11922 | D:11     | Killed a six-headed hydra
 11923 | D:11     | Reached skill level 12 in Long Blades
 12272 | D:11     | Noticed a two-headed ogre
 12280 | D:11     | Killed a two-headed ogre
 12294 | D:11     | Noticed a boulder beetle
 12307 | D:11     | Killed a boulder beetle
 12861 | D:11     | Killed a death yak
 13947 | D:10     | Killed a death yak
 13948 | D:10     | Reached skill level 13 in Long Blades
 14206 | Lair:1   | Entered Level 1 of the Lair of Beasts
 14870 | Lair:1   | Reached skill level 14 in Long Blades
 15202 | Lair:1   | Identified the +0 ring mail of Sif Muna, Forging {rElec rC+
                  | Str+6 Dex+4}
 15691 | Lair:1   | Reached XP level 12. HP: 77/97 MP: 12/12
 15794 | Lair:2   | Noticed Harold
 15794 | Lair:2   | Noticed a four-headed hydra
 16029 | Lair:2   | Noticed a catoblepas
 16043 | Lair:2   | Killed a catoblepas
 16458 | Lair:2   | Found a staircase to the Swamp.
 16468 | Lair:2   | Reached skill level 15 in Long Blades
 16732 | Lair:2   | Found a staircase to the Snake Pit.
 16773 | Lair:2   | Killed Harold
 16797 | Lair:2   | Killed a four-headed hydra
 17130 | Lair:2   | Noticed an eight-headed hydra
 17136 | Lair:2   | Killed a nine-headed hydra
 17537 | Lair:3   | Reached skill level 16 in Long Blades
 17755 | Lair:3   | Found a transporter.
 17793 | Lair:3   | Noticed an eight-headed hydra
 17836 | Lair:3   | Noticed Neyc's ghost (journeyman OpFi)
 17852 | Lair:3   | Noticed a death yak
 17852 | Lair:3   | Noticed a death yak
 17852 | Lair:3   | Noticed a death yak
 17853 | Lair:3   | Noticed a death yak
 17853 | Lair:3   | Noticed a death yak
 17856 | Lair:3   | Found a transporter.
 17860 | Lair:3   | Killed a death yak
 17861 | Lair:3   | Killed a death yak
 17861 | Lair:3   | Killed a death yak
 17861 | Lair:3   | Killed a death yak
 17862 | Lair:3   | Gained mutation: You are strongly in touch with the powers
                  | of death. [Mummy growth]
 17862 | Lair:3   | Reached XP level 13. HP: 38/103 MP: 13/13
 18772 | Lair:4   | Reached skill level 17 in Long Blades
 19263 | Lair:4   | Noticed Kirke
 19283 | Lair:4   | Killed Kirke
 19502 | Lair:5   | Entered Level 5 of the Lair of Beasts
 19609 | Lair:5   | Identified the +9 flail "Luzusuge" {vorpal, *Rage rF+ Will+
                  | Dex+3}
 20833 | Lair:5   | Reached skill level 18 in Long Blades
 20857 | Lair:5   | Found a staircase to the Slime Pits.
 23191 | Lair:5   | Reached XP level 14. HP: 103/110 MP: 14/14
 23697 | Lair:5   | Found a corrupted altar of Lugonu.
 24444 | D:13     | Reached skill level 19 in Long Blades
 24559 | D:12     | HP: 5/110 [slime creature (11)]
 24562 | D:12     | Annihilated by a titanic slime creature

Illustrated notes

Levels and vault maps discovered:
D:1:      evilmike_arrival_rings, layout_basic, hangedman_feature_mirror,
          st_stairs_8
D:2:      layout_basic, shapermc_ecumenical_altar_gd, uniq_terence
D:3:      layout_rooms, mainiacjoe_overflow_catwalk
D:4:      layout_rooms, demons_altar, marbit_many_paths,
          minmay_temple_entry_mist
D:5:      layout_basic, kennysheep_windowed_goal
D:6:      layout_rooms, portal_sewer_entry_f, uniq_pikel
D:7:      layout_basic
D:8:      layout_loops_ring, gammafunk_ghost_abyssal_escape, enter_bailey_2,
          roderic_serpentine_path, grunt_ministairs_15, uniq_maggie
D:9:      layout_loops_ring, serial_shops, nicolae_shop_waterfront
D:10:     layout_basic, mainiacjoe_overflow_catwalk_spiral, dpeg_lair_monsters,
          st_stairs_12, uniq_joseph
D:11:     layout_gridville, orc_0_dummy, gammafunk_ghost_arena, serial_shops,
          nicolae_shop_behind_doors, okawaru_humans
D:12:     layout_basic, guppyfry_shop_earth
D:13:     layout_basic, minmay_diced_spiral, uniq_rupert
Temple:   bh_familiar_temple
Lair:1:   layout_long_grid, grunt_megastairs_1, lemuel_fruit_fields,
          infiniplex_staircase_pool_2
Lair:2:   layout_chaotic_city, skrybe_swamp_entry_bodies,
          minmay_snake_entry_guardpost_small, uniq_harold
Lair:3:   layout_long_grid, nzn_ghost_randoct, serial_forest,
          infiniplex_forest_clump_curved, infiniplex_forest_straight_2,
          infiniplex_forest_straight_2, infiniplex_forest_end_2,
          infiniplex_forest_straight_3, roderic_carrion_pond,
          serial_bayou_shore_b, uniq_nessos
Lair:4:   layout_loops_ring, lemuel_old_faithful, serial_bayou_shore_a,
          grunt_megastairs_4, lemuel_fruit_fields, uniq_kirke
Lair:5:   hellmonk_lair_end_abyssal_woods, layout_regular_city,
          minmay_slime_entry_pillars, bobbens_ice_dragon_lair,
          grunt_megastairs_3, infiniplex_staircase_pool

Skill      XL: |  1  2  3  4  5  6  7  8  9 10 11 12 13 14 |
---------------+-------------------------------------------+-----
Fighting       | 4 5 6 7 8 10 | 10.0
Throwing       | 1 2 |  2.0
Long Blades    | 2 5 8 11 14 16 18 19 | 19.0
Polearms       | |  2.4
Dodging        | |  2.4
Stealth        | |  1.5

Action                   |  1- 3 |  4- 6 |  7- 9 | 10-12 | 13-15 || total
-------------------------+-------+-------+-------+-------+-------++-------
Melee: Spear             |   146 |   278 |     3 |       |       ||   427
       Punch             |     2 |     3 |       |       |       ||     5
       Great sword       |       |       |   268 |   424 |   364 ||  1056
Throw: Dart              |     1 |     9 |    37 |    89 |     9 ||   145
       Javelin           |       |     1 |     6 |       |       ||     7
       Boomerang         |       |       |     3 |   126 |    58 ||   187
       Throwing net      |       |       |       |     3 |     1 ||     4
Invok: Potion Petition   |       |       |       |       |     1 ||     1
Evoke: Wand              |       |     2 |    12 |    37 |    20 ||    71
       Box of beasts     |       |       |       |     1 |     1 ||     2
       Tin of tremorston |       |       |       |       |     2 ||     2
  Use: Scroll            |       |     8 |    13 |    16 |    13 ||    50
 Stab: Sleeping          |     5 |     1 |       |     1 |       ||     7
       Paralysed         |       |     6 |     3 |     3 |       ||    12
       Distracted        |       |       |     3 |     7 |     3 ||    13
       Invisible         |       |       |       |       |     2 ||     2
Armor: Robe              |     2 |       |       |       |       ||     2
       Leather armour    |    23 |       |       |       |       ||    23
       Ring mail         |       |    95 |   164 |   165 |   124 ||   548
Dodge: Dodged            |    52 |   125 |   193 |   223 |   144 ||   737
Block: Other             |    21 |    48 |    92 |    93 |    77 ||   331
       Reflection        |       |     1 |     2 |     3 |     1 ||     7
